Map: Acid Plant LE

Players

ShoWTimE

  • Race: Protoss Protoss
  • Spawn Location: 11:00

Serral - Winner!

  • Race: Zerg Zerg
  • Spawn Location: 5:00

Event: WESG 2017 Haikou

VOD

Have the link to the VOD?

Description

Time

  • Played on: March 13, 2018, 6:28 a.m.
  • Length: 6:35

All games in this series

Show
View Real Time Build Order
Export as new Build Order

ShoWTimE Protoss 

Build Orders: 1 Gate Expand, Oracle Opening, Phoenix Opening, Zealot Archon, Archon Drop 

Get SALT Encoding   

  12  0:00  Probe  
  13  0:12  Probe  
  14  0:18  Pylon  
  14  0:24  Probe (Chrono Boost)  
  15  0:37  Probe (Chrono Boost)  
  15  0:39  Gateway  
  16  0:45  Probe (Chrono Boost)  
  16  0:47  Assimilator  
  17  0:51  Probe  
  18  1:03  Probe  
  19  1:15  Probe  
  20  1:25  Nexus  
  20  1:35  Cybernetics Core  
  20  1:38  Probe  
  21  1:45  Assimilator  
  21  1:50  Probe  
  21  1:53  Pylon  
  22  2:02  Probe  
  23  2:10  Adept (Chrono Boost)  
  23  2:14  Probe  
  26  2:17  Stargate  
  26  2:24  Warp Gate  
  26  2:26  Probe  
  27  2:30  Adept  
  29  2:38  Probe (Chrono Boost)  
  29  2:39  Probe (Chrono Boost)  
  31  2:48  Probe x2 (Chrono Boost)  
  33  2:53  Probe x2 (Chrono Boost)  
  35  2:59  Oracle (Chrono Boost)  
  35  3:04  Probe  
  35  3:05  Probe  
  40  3:10  Pylon  
  40  3:16  Probe  
  40  3:17  Probe  
  42  3:20  Assimilator  
  42  3:22  Assimilator  
  42  3:28  Phoenix  
  42  3:29  Probe (Chrono Boost)  
  42  3:30  Probe (Chrono Boost)  
  46  3:36  Gateway  
  46  3:41  Probe (Chrono Boost)  
  47  3:47  Probe (Chrono Boost)  
  49  3:48  Probe (Chrono Boost)  
  49  3:51  Robotics Facility  
  49  3:53  Probe  
  49  3:55  Probe  
  50  4:00  Twilight Council  
  51  4:05  Probe  
  51  4:07  Probe  
  51  4:08  Pylon  
  53  4:14  Gateway  
  53  4:18  Gateway  
  53  4:21  Probe  
  54  4:33  Zealot x2  
  54  4:35  Warp Prism (Chrono Boost)  
  58  4:39  Templar Archives  
  58  4:42  Pylon  
  60  4:57  Pylon  
  60  5:00  Nexus  
  60  5:05  Probe x2  
  63  5:07  Observer  
  63  5:17  Probe x2  
  65  5:22  High Templar x4  
  65  5:25  Pylon  
  65  5:26  Archon  
  65  5:27  Archon  
  73  5:28  Forge  
  73  5:34  Gateway x2  
  69  5:37  Probe  
  69  5:38  Probe  
  69  5:40  Pylon  
  69  5:48  Immortal (Chrono Boost)  
  73  6:04  Stalker  
  71  6:13  Stalker x3  
Show
View Real Time Build Order
Export as new Build Order

Serral Zerg - Winner!

Build Orders: Hatch First 

Get SALT Encoding   

  12  0:01  Drone  
  13  0:12  Overlord  
  13  0:17  Drone  
  14  0:30  Drone x2  
  16  0:36  Drone  
  17  0:50  Hatchery  
  17  0:54  Drone  
  17  0:57  Drone  
  18  1:08  Extractor  
  17  1:12  Spawning Pool  
  17  1:16  Drone  
  17  1:18  Drone  
  18  1:28  Drone  
  19  1:38  Overlord  
  19  1:53  Drone  
  20  1:58  Queen  
  22  2:01  Drone  
  22  2:02  Queen  
  22  2:03  Zergling x2  
  26  2:09  Metabolic Boost  
  26  2:11  Drone  
  26  2:13  Drone  
  28  2:22  Drone  
  29  2:23  Drone  
  30  2:37  Drone, Hatchery  
  30  2:41  Drone  
  31  2:45  Queen  
  31  2:49  Overlord  
  33  2:57  Zergling x2  
  34  3:01  Drone x2  
  36  3:10  Drone x3  
  36  3:11  Drone x2  
  41  3:17  Overlord  
  41  3:20  Drone  
  41  3:21  Queen  
  44  3:27  Spore Crawler  
  44  3:30  Drone  
  44  3:38  Spore Crawler  
  44  3:39  Drone x4  
  44  3:40  Drone  
  48  3:47  Overlord  
  48  3:48  Lair  
  48  3:49  Drone x2  
  48  3:53  Queen  
  52  3:57  Drone x2  
  52  4:02  Queen  
  53  4:06  Drone x2  
  53  4:09  Extractor x2  
  54  4:11  Overlord  
  54  4:15  Drone x2  
  54  4:16  Drone  
  57  4:23  Roach Warren  
  56  4:26  Overlord  
  56  4:28  Zergling x4  
  58  4:32  Zergling x2  
  58  4:33  Zergling x2  
  58  4:38  Zergling x6  
  63  4:46  Zergling x8  
  65  4:54  Overlord  
  65  5:01  Nydus Network, Overlord  
  65  5:03  Roach  
  65  5:04  Roach  
  65  5:07  Roach  
  70  5:12  Roach x2  
  72  5:17  Roach x2  
  72  5:20  Roach  
  77  5:22  Roach  
  77  5:25  Roach  
  81  5:29  Roach  
  81  5:31  Roach  
  81  5:33  Roach  
  85  5:36  Roach  
  85  5:38  Roach  
  87  5:49  Nydus Canal  
  86  5:50  Roach x2  
  86  5:52  Overlord x2  
  88  6:01  Overlord  
  88  6:02  Overlord  
  88  6:07  Nydus Canal  
  88  6:11  Roach x3  
  92  6:16  Roach  
Tags
 
Add a new tag
Caveats
  • Supply blocks, unpowered buildings, or Contaminate may cause inaccurate times.
  • Supply counts are checked every 10 seconds.